[Event "Titled Tuesday Blitz December 14 2021"]
[White "Altman, Joshua"]
[Black "Jodorcovsky Werjivker, Paulo"]
[WhiteFideId "426210"]
[BlackFideId "3700305"]
[WhiteElo "1945"]
[BlackElo "2075"]
[Result "1-0"]
[Round "06"]
[TimeControl "180+1"]
[Date "2021.12.15"]
[WhiteClock "0:00:09"]
[BlackClock "0:00:23"]

1. d4 f5 2. Nc3 e6 3. e4 fxe4 4. Nxe4 Be7 5. Nf3 Nf6 6. Nxf6+ Bxf6 7. Bd3 O-O 8. c3 Nc6 9. Qc2 h6 10. Be3 d5 11. O-O-O e5 12. dxe5 Nxe5 13. Nxe5 Bxe5 14. Kb1 c6 15. f3 Be6 16. Rde1 Qf6 17. f4 Bd6 18. Bd4 Qf7 19. Rhf1 c5 20. Be5 Bxe5 21. Rxe5 Qd7 22. f5 Bf7 23. f6 Rfe8 24. Bh7+ Kh8 25. fxg7+ Kxg7 26. Ref5 Bg8 27. Bxg8 Kxg8 28. Rf6 Qh7 29. Qxh7+ Kxh7 30. Rf7+ Kg6 31. Rxb7 Re2 32. Rff7 Rg8 33. Rxa7 Rxg2 34. h4 Rh2 35. Rf4 Re8 36. a4 Ree2 37. Rb7 c4 38. a5 Re1+ 39. Ka2 Rhh1 40. Ka3 Ra1+ 41. Kb4 Rhb1 42. Rf2 Ra2 43. Rb6+ Kh5 44. Rf5+ Kg4 45. Rxd5 Rbxb2+ 46. Kxc4 Ra4+ 47. Rb4 Rbxb4+ 48. cxb4 Kxh4 49. Kb5 Ra1 50. a6 Kg3 51. Rh5 Kg4 52. Rxh6 Kf5 53. Rc6 Ke5 54. Kb6 Kd5 55. b5 Ra2 56. a7 Ra3 57. Kb7 Ra5 58. b6 Ra1 59. Rc7 Kd6 60. a8=Q Rxa8 61. Kxa8 Kd5 62. Rc1 Kd4 63. b7 Kd3 64. b8=Q Kd2 65. Qb2+ Kd3 66. Rc3+ Kd4 67. Qb4+ Kd5 68. Rc5+ Kd6 69. Qb6+ 1-0


[Site "https://www.chess.com"]

[Event "Titled Tuesday Blitz December 14 2021"]
[White "Arias Gaviria, Mario Alexis"]
[Black "Mirzoev, Azer"]
[WhiteFideId "3800660"]
[BlackFideId "13400304"]
[WhiteElo "2142"]
[BlackElo "2525"]
[Result "1/2-1/2"]
[Round "06"]
[TimeControl "180+1"]
[Date "2021.12.15"]
[WhiteClock "0:00:10"]
[BlackClock "0:00:06"]

1. d4 Nf6 2. c4 e6 3. Nf3 c5 4. d5 exd5 5. cxd5 d6 6. Nc3 a6 7. a4 g6 8. g3 Bg7 9. Bg2 O-O 10. O-O Re8 11. Bf4 Nh5 12. Bg5 Qb6 13. Qc2 Nd7 14. Nd2 Qc7 15. Nc4 Nb6 16. b3 h6 17. Bd2 Nf6 18. Rfe1 Nxc4 19. bxc4 Bd7 20. e4 h5 21. h3 Rab8 22. Rab1 Nh7 23. f4 f5 24. Kh2 h4 25. gxh4 Qd8 26. Qd3 Qxh4 27. Qg3 Qxg3+ 28. Kxg3 Nf6 29. Rb6 Nh5+ 30. Kf3 Bxc3 31. Bxc3 fxe4+ 32. Rxe4 Rxe4 33. Kxe4 Bf5+ 34. Kf3 Rd8 35. Rxb7 Re8 36. Bf1 Be4+ 37. Kf2 Nxf4 38. Rg7+ Kf8 39. Rd7 Nd3+ 40. Bxd3 Bxd3 41. Rxd6 Re2+ 42. Kf3 Bxc4 43. Rxg6 Rc2 44. Ba5 Kf7 45. Rd6 Ra2 46. Kf4 Rxa4 47. Bd8 Bxd5+ 48. Ke5 Bg2 49. Bg5 Re4+ 50. Kf5 Rd4 51. Rxd4 cxd4 52. h4 d3 53. Bd2 Bf1 54. Ke5 Be2 55. Kd4 Kg6 56. Kc3 Kh5 57. Bg5 Kg4 58. Be7 Kh5 59. Kd2 Bf1 60. Bd8 Be2 61. Ke3 Kg4 62. Kd2 Kh5 63. Ke3 Kg6 64. Kd2 Kf5 65. Ke3 Kg4 66. Kd2 Bf1 67. Ke3 Be2 1/2-1/2


[Site "https://www.chess.com"]

[Event "Titled Tuesday Blitz December 14 2021"]
[White "Arutinian, David"]
[Black "Moskvin, Anatoly"]
[WhiteFideId "13601741"]
[BlackFideId "24199990"]
[WhiteElo "2525"]
[BlackElo "2079"]
[Result "1-0"]
[Round "06"]
[TimeControl "180+1"]
[Date "2021.12.14"]
[WhiteClock "0:00:57"]
[BlackClock "0:00:04"]

1. Nf3 g6 2. c4 Bg7 3. Nc3 c5 4. g3 Nc6 5. Bg2 e6 6. O-O Nge7 7. e3 O-O 8. b3 Rb8 9. Bb2 a6 10. Qe2 b5 11. Rab1 d6 12. Rfd1 Qa5 13. d4 cxd4 14. exd4 bxc4 15. bxc4 Nf5 16. Ne4 Qxa2 17. Bf1 h5 18. Nc3 Qa5 19. Ne4 Rd8 20. d5 Ne5 21. Bxe5 Rxb1 22. Rxb1 dxe5 23. dxe6 Bxe6 24. Neg5 Re8 25. Nxe6 Rxe6 26. Rb8+ Bf8 27. Ng5 Nd4 28. Qb2 Re7 29. c5 Qxc5 30. Ne4 Qc6 31. Bd3 f5 32. Ng5 Nf3+ 33. Nxf3 Qxf3 34. Bc4+ Kg7 35. Qd2 h4 36. Rxf8 Kxf8 37. Qd8+ 1-0


[Site "https://www.chess.com"]

[Event "Titled Tuesday Blitz December 14 2021"]
[White "Atabayev, Saparmyrat"]
[Black "Artemiev, Vladislav"]
[WhiteFideId "14000571"]
[BlackFideId "24101605"]
[WhiteElo "2483"]
[BlackElo "2830"]
[Result "0-1"]
[Round "06"]
[TimeControl "180+1"]
[Date "2021.12.14"]
[WhiteClock "0:00:09"]
[BlackClock "0:00:07"]

1. e4 g6 2. d4 Bg7 3. Nc3 d6 4. Nf3 Nf6 5. Be2 O-O 6. O-O a6 7. e5 dxe5 8. dxe5 Ng4 9. Bf4 Nc6 10. Qd5 Be6 11. Qc5 Qe8 12. Ne4 b6 13. Qc3 Bd5 14. Ned2 Qd7 15. Bc4 b5 16. Bb3 Rad8 17. h3 b4 18. Qc5 Ngxe5 19. Nxe5 Bxe5 20. Bxe5 Nxe5 21. Rfe1 Nc6 22. Rad1 Bxb3 23. axb3 Qd5 24. Qc4 Qxc4 25. Nxc4 Rxd1 26. Rxd1 Rd8 27. Ra1 a5 28. c3 Rd5 29. cxb4 Nxb4 30. Nxa5 Rd2 31. Nc4 Rc2 32. Ra7 Nd5 33. g3 g5 34. Ra5 e6 35. Rc5 Kg7 36. Ra5 h5 37. Kf1 h4 38. Kg2 Kf6 39. gxh4 gxh4 40. Kf3 Rc1 41. Ra4 Rh1 42. Kg2 Rb1 43. Ra2 Nf4+ 44. Kh2 Rf1 45. Ra8 Rxf2+ 46. Kg1 Nxh3+ 47. Kh1 Rc2 48. Rh8 Nf2+ 49. Kg1 h3 50. Ne3 Re2 51. Rh6+ Kg5 52. Rxh3 Nxh3+ 53. Kf1 Rxe3 54. Kg2 Kf4 55. Kh2 Rg3 56. Kh1 Ng5 57. Kh2 Nf3+ 58. Kh1 Rg1# 0-1


[Site "https://www.chess.com"]

[Event "Titled Tuesday Blitz December 14 2021"]
[White "Azadaliyev, Jahandar"]
[Black "Goryachkina, Aleksandra"]
[WhiteFideId "13425811"]
[BlackFideId "4147103"]
[WhiteElo "1795"]
[BlackElo "2441"]
[Result "1-0"]
[Round "06"]
[TimeControl "180+1"]
[Date "2021.12.15"]
[WhiteClock "0:01:14"]
[BlackClock "0:00:08"]

1. d4 Nf6 2. c4 e6 3. Nf3 b6 4. g3 Ba6 5. Nbd2 Bb7 6. Bg2 c5 7. O-O cxd4 8. Nxd4 Bxg2 9. Kxg2 Be7 10. b3 O-O 11. Bb2 Qc8 12. Rc1 Qb7+ 13. N2f3 Nc6 14. Nb5 Ne4 15. Qc2 f5 16. Rfd1 a6 17. Nbd4 Nxd4 18. Bxd4 b5 19. cxb5 axb5 20. Qc7 Rfb8 21. Bxg7 d5 22. Be5 Ba3 23. Rc6 Qxc7 24. Rxc7 Bf8 25. Nd4 Rb6 26. Rdc1 Rxa2 27. f3 Nc5 28. R1xc5 Bxc5 29. Rxc5 b4 30. Rc7 Rd2 31. Kf2 Ra6 32. Ke3 Rd1 33. Rg7+ Kf8 34. Rxh7 1-0


[Site "https://www.chess.com"]

[Event "Titled Tuesday Blitz December 14 2021"]
[White "Babazada, Khazar"]
[Black "Murzin, Volodar"]
[WhiteFideId "13413554"]
[BlackFideId "44155573"]
[WhiteElo "2302"]
[BlackElo "2481"]
[Result "1-0"]
[Round "06"]
[TimeControl "180+1"]
[Date "2021.12.14"]
[WhiteClock "0:00:53"]
[BlackClock "0:00:00"]

1. Nf3 Nf6 2. g3 g6 3. Bg2 Bg7 4. O-O O-O 5. c4 d6 6. Nc3 Nbd7 7. d4 e5 8. e4 a6 9. h3 b5 10. cxb5 axb5 11. Re1 c6 12. dxe5 Nxe5 13. Nxe5 dxe5 14. Be3 Be6 15. Qc2 Qc8 16. a3 Bxh3 17. Bh1 Be6 18. Rac1 Ra6 19. Nb1 Ng4 20. Bc5 Rd8 21. Nd2 h5 22. f3 Nf6 23. Rcd1 Rd7 24. Be3 Qd8 25. Nb3 Bxb3 26. Qxb3 h4 27. g4 Nh7 28. Rxd7 Qxd7 29. Rd1 Qe8 30. Qc3 Bf6 31. Rd6 Bg5 32. Bf2 Nf8 33. Bg2 Kh7 34. Bf1 Ne6 35. Bxb5 cxb5 36. Rxa6 Nf4 37. Qc7 Nd3 38. Ra7 h3 39. Bg3 1-0


[Site "https://www.chess.com"]

[Event "Titled Tuesday Blitz December 14 2021"]
[White "Barria Zuniga, Daniel"]
[Black "Nesterov, Arseniy"]
[WhiteFideId "3400816"]
[BlackFideId "24198455"]
[WhiteElo "2414"]
[BlackElo "2489"]
[Result "0-1"]
[Round "06"]
[TimeControl "180+1"]
[Date "2021.12.15"]
[WhiteClock "0:00:04"]
[BlackClock "0:00:04"]

1. d4 d5 2. c4 e6 3. Nf3 Nf6 4. Nc3 Nbd7 5. Bg5 Be7 6. e3 O-O 7. Qc2 c5 8. Rd1 cxd4 9. exd4 b6 10. cxd5 Nxd5 11. Bxe7 Qxe7 12. Bc4 Bb7 13. O-O Nxc3 14. bxc3 Bxf3 15. gxf3 Rac8 16. Bb3 Qh4 17. Rfe1 Nf6 18. Qd2 Rc7 19. Re5 Rfc8 20. c4 Rd8 21. d5 g6 22. Qe3 exd5 23. cxd5 Rd6 24. Kg2 Kg7 25. Rd4 Qh6 26. h4 Rc5 27. Qg5 Qxg5+ 28. hxg5 Nd7 29. Re7 Kf8 30. Rde4 b5 31. Re8+ Kg7 32. R4e7 Nb6 0-1


[Site "https://www.chess.com"]

[Event "Titled Tuesday Blitz December 14 2021"]
[White "Belyakov, Bogdan"]
[Black "Rustemov, Alexander"]
[WhiteFideId "24104795"]
[BlackFideId "4119002"]
[WhiteElo "2407"]
[BlackElo "2863"]
[Result "1/2-1/2"]
[Round "06"]
[TimeControl "180+1"]
[Date "2021.12.14"]
[WhiteClock "0:00:34"]
[BlackClock "0:00:10"]

1. e4 e6 2. d4 d5 3. Nc3 dxe4 4. Nxe4 Bd7 5. Nf3 Bc6 6. Bd3 Nd7 7. Qe2 Ngf6 8. Neg5 Qe7 9. Ne5 Nxe5 10. dxe5 Nd7 11. f4 h6 12. Nf3 g5 13. fxg5 Bg7 14. gxh6 Bxh6 15. Bxh6 Rxh6 16. Be4 Qb4+ 17. Nd2 Qxb2 18. Rb1 Qxe5 19. Bxc6 bxc6 20. Qxe5 Nxe5 21. O-O O-O-O 22. Nf3 Nxf3+ 23. Rxf3 f5 24. Re1 Rd2 25. Rfe3 Kd7 26. Rd3+ Rxd3 27. cxd3 Kd6 28. g3 e5 29. h4 Kd5 30. Kf2 Kd4 31. Kf3 Re6 32. Rd1 c5 33. h5 Rh6 34. g4 fxg4+ 35. Kxg4 e4 36. dxe4+ Kxe4 37. Kg5 Rh8 38. Rd7 Rc8 39. h6 c4 40. h7 c5 41. Kg6 c3 42. Rc7 Rh8 43. Rxc5 Kd3 44. Kg7 Rxh7+ 45. Kxh7 c2 46. Kg6 Kd2 47. Rd5+ Kc3 48. Rc5+ Kb2 49. Rb5+ Kxa2 50. Rc5 Kb1 51. Rb5+ Ka2 52. Rc5 Kb2 53. Rb5+ Kc3 54. Rc5+ Kb3 55. Kf5 a5 56. Ke4 Kb2 57. Rb5+ Kc3 58. Rc5+ Kd2 59. Rd5+ Ke2 60. Rc5 Kd2 61. Rd5+ Kc3 62. Rc5+ Kd2 1/2-1/2


[Site "https://www.chess.com"]

[Event "Titled Tuesday Blitz December 14 2021"]
[White "Berezin, Viktor"]
[Black "Van den Dikkenberg, Erik"]
[WhiteFideId "14107872"]
[BlackFideId "1005880"]
[WhiteElo "2310"]
[BlackElo "2118"]
[Result "1/2-1/2"]
[Round "06"]
[TimeControl "180+1"]
[Date "2021.12.15"]
[WhiteClock "0:00:11"]
[BlackClock "0:00:08"]

1. d4 Nf6 2. Nf3 g6 3. g3 Bg7 4. Bg2 O-O 5. O-O d6 6. a4 c6 7. Nc3 a6 8. h3 Nbd7 9. e4 e5 10. Re1 Qe7 11. Kh2 exd4 12. Nxd4 Ne5 13. Bf4 Bd7 14. Qd2 Nc4 15. Qe2 b5 16. b3 Ne5 17. Rad1 b4 18. Nb1 c5 19. Nf3 Nh5 20. Bg5 Nxf3+ 21. Qxf3 Qxg5 22. Rxd6 Be6 23. Red1 Rad8 24. Qe2 Rxd6 25. Rxd6 Rd8 26. Qxa6 Rxd6 27. Qxd6 Bf8 28. Qd3 Qc1 29. Nd2 Nf6 30. a5 Qa1 31. a6 c4 32. Nxc4 Qxa6 33. e5 Nd7 34. f4 Bc5 35. g4 Qa1 36. Ne3 Qd4 37. Qxd4 Bxd4 38. Nd5 Nc5 39. Ne7+ Kg7 40. Nc6 Be3 41. Kg3 Nd7 42. Nxb4 Bd2 43. Nd3 Nb6 44. c4 Nxc4 45. bxc4 Bxc4 46. Nc5 g5 47. fxg5 Bxg5 48. Ne4 Be3 49. h4 Bd4 50. Kf4 Bd5 51. h5 Be6 52. g5 h6 53. gxh6+ Kxh6 54. Bf3 Bb2 55. Nf6 Bc1+ 56. Kg3 Bg5 57. Ng8+ Kg7 58. Nf6 Bxf6 59. exf6+ Kxf6 60. Kf4 Ba2 61. Be4 Kg7 62. Kg5 f6+ 63. Kh4 Bf7 64. Kg4 Kh6 65. Bg6 Bxg6 66. hxg6 Kxg6 67. Kf4 Kh5 68. Kf5 Kh6 69. Kxf6 1/2-1/2


[Site "https://www.chess.com"]

[Event "Titled Tuesday Blitz December 14 2021"]
[White "Bluebaum, Matthias"]
[Black "Fawzy, Adham"]
[WhiteFideId "24651516"]
[BlackFideId "10613129"]
[WhiteElo "2609"]
[BlackElo "2508"]
[Result "0-1"]
[Round "06"]
[TimeControl "180+1"]
[Date "2021.12.14"]
[WhiteClock "0:00:31"]
[BlackClock "0:00:19"]

1. Nf3 c5 2. b3 Nc6 3. Bb2 d6 4. d4 Bg4 5. d5 Nb8 6. e4 Nd7 7. h3 Bxf3 8. Qxf3 Ngf6 9. Be2 g6 10. c4 Bg7 11. Nc3 O-O 12. O-O a6 13. a4 Qb6 14. Bd1 Ne5 15. Qg3 Nxc4 16. Bc1 Ne5 17. f4 Ned7 18. e5 dxe5 19. fxe5 Ne4 20. Nxe4 Bxe5 21. Qh4 Bxa1 22. Kh1 Bg7 23. Bc2 Nf6 24. Ng5 h6 25. Nf3 Qb4 26. Qf2 Nxd5 27. Bd2 Qa3 28. Qh4 Qb2 29. Bd3 Qf6 30. Qg3 Qd6 31. Qh4 Qf6 32. Qg3 Rad8 33. Be4 Nc3 34. Bc2 Rxd2 35. Nxd2 Qd6 36. Qf2 f5 37. Nc4 Qd4 38. Qe2 e5 39. Qe1 e4 40. Qh4 g5 41. Qg3 f4 42. Qg4 b5 43. Qe6+ Kh8 44. Nd6 Qf6 45. Qd7 e3 46. Ne4 Nxe4 47. Bxe4 Qf7 48. Qd3 Qf6 49. axb5 axb5 50. Qxb5 g4 51. Bc2 f3 52. Qd3 Kg8 53. Qh7+ Kf7 54. hxg4 Qh4+ 55. Kg1 f2+ 56. Rxf2+ Qxf2+ 57. Kh2 Qh4+ 58. Kg1 Qe1+ 59. Kh2 Qh4+ 60. Kg1 Qg5 61. Bd3 Ke7 62. Qe4+ Qe5 63. Qb7+ Kf6 64. Qf3+ Kg5 65. Qh3 e2 66. Qh5+ Kf4 67. Qh2+ Ke3 68. Qh3+ Kd2 69. Bxe2 Qe3+ 70. Qxe3+ Kxe3 71. Bf3 Bd4 72. Kh1 Kf4 73. Kh2 Kg5 74. Kh3 Be5 75. Be4 Bf4 76. Bf5 Re8 77. g3 Re3 78. Kg2 Rxg3+ 79. Kf2 Rxg4 80. Be6 Rg3 81. Ke2 Re3+ 82. Kd2 Rxe6+ 83. Kd3 Re3+ 84. Kc4 Rxb3 85. Kxb3 h5 86. Kc4 h4 87. Kxc5 h3 88. Kc6 h2 89. Kd7 h1=Q 90. Ke8 Qd5 91. Ke7 Qe5+ 92. Kd8 Qd6+ 93. Kc8 Qc7# 0-1


[Site "https://www.chess.com"]

[Event "Titled Tuesday Blitz December 14 2021"]
[White "Chigaev, Maksim"]
[Black "Blohberger, Felix"]
[WhiteFideId "4108116"]
[BlackFideId "1632051"]
[WhiteElo "2546"]
[BlackElo "2416"]
[Result "1-0"]
[Round "06"]
[TimeControl "180+1"]
[Date "2021.12.14"]
[WhiteClock "0:00:11"]
[BlackClock "0:00:01"]

1. Nf3 Nf6 2. d4 g6 3. Bf4 Bg7 4. Nbd2 O-O 5. h3 c5 6. e3 cxd4 7. exd4 Nc6 8. c3 d6 9. Nc4 Nd5 10. Bh2 b5 11. Ne3 Nxe3 12. fxe3 b4 13. Bb5 Bb7 14. c4 e5 15. d5 Ne7 16. e4 f5 17. Qd3 Rc8 18. O-O-O Qa5 19. Kb1 Rc7 20. b3 h6 21. Rhf1 f4 22. Bg1 a6 23. Ba4 g5 24. Rc1 Rc5 25. Bf2 Qc7 26. Qd2 a5 27. Ne1 Nc8 28. Nd3 Rd8 29. Rfd1 Bf8 30. g3 Nb6 31. Bb5 Bc8 32. g4 Bb7 33. a4 Bc8 34. Qb2 Bg7 35. Re1 Bd7 36. Nxc5 dxc5 37. d6 Qxd6 38. Rcd1 Qe7 39. Qd2 Bf6 40. Qd6 Bxb5 41. Qxb6 Rxd1+ 42. Rxd1 Bd7 43. Qxc5 1-0


[Site "https://www.chess.com"]

[Event "Titled Tuesday Blitz December 14 2021"]
[White "Chiu, Isaac"]
[Black "Urazayev, Arystanbek"]
[WhiteFideId "30900654"]
[BlackFideId "13709810"]
[WhiteElo "2117"]
[BlackElo "2321"]
[Result "1/2-1/2"]
[Round "06"]
[TimeControl "180+1"]
[Date "2021.12.15"]
[WhiteClock "0:00:19"]
[BlackClock "0:01:16"]

1. e4 c5 2. d4 cxd4 3. c3 Nf6 4. e5 Nd5 5. Nf3 Nc6 6. cxd4 d6 7. Nc3 Nxc3 8. bxc3 dxe5 9. d5 e4 10. dxc6 Qxd1+ 11. Kxd1 exf3 12. Bb5 Kd8 13. Bf4 e5 14. Bxe5 Bg4 15. Kc2 fxg2 16. Rhd1+ Kc8 17. cxb7+ Kxb7 18. Rdb1 Bf5+ 19. Bd3+ Kc6 20. Bxf5 Re8 21. Bd4 Bc5 22. Kd3 Bxd4 23. cxd4 Kd6 24. Be4 Re6 25. Bxg2 Rh6 26. h3 Rf6 27. Rb2 Rg6 28. Bf3 Rh6 29. Bg2 g6 30. Bf1 Rh4 31. Re1 Rf4 32. Re4 Rf6 33. Re3 Rc8 34. Bg2 Rc1 35. Ree2 Rg1 36. Be4 Rf4 37. Rbc2 f5 38. Rc6+ Kd7 39. Bd5 Rd1+ 40. Kc2 Rfxd4 41. Bf3 R1d3 42. Rc3 Rxc3+ 43. Kxc3 Ra4 44. Rd2+ Kc7 45. Bd5 Ra3+ 46. Bb3 Ra5 47. Re2 Rc5+ 48. Kd3 Kd6 49. Re6+ Kd7 50. Ra6 Rc7 51. Ba4+ Ke7 52. Bb3 Rb7 53. Ke3 Kf8 54. Kf4 Kg7 55. h4 Rb4+ 56. Ke5 Rb7 57. Bd5 Rd7 58. f4 Kh6 59. Ra3 Kh5 60. Rh3 Kg4 61. Rh1 Re7+ 62. Be6 Rb7 63. Rg1+ Kxh4 64. Kf6 Rb4 65. Kg7 Rxf4 66. Kxh7 g5 67. Kg6 g4 68. Bxf5 Ra4 69. Be6 Kh3 70. Kf6 Re4 71. Rxg4 Rxg4 72. Ke5 Kg3 73. Bxg4 Kxg4 74. Kd5 Kf5 75. Kc5 Ke6 76. Kb5 Kd7 77. Ka6 Kc8 78. Kxa7 Kc7 79. Ka6 Kc8 80. Ka5 Kb8 81. Ka4 Ka8 82. Ka3 Kb8 83. Kb3 Ka8 84. Kb2 Kb8 85. Ka1 Ka8 86. Kb1 Kb8 87. Kb2 Ka8 88. Kb1 Kb8 89. Ka1 Ka8 90. Kb1 1/2-1/2


[Site "https://www.chess.com"]

[Event "Titled Tuesday Blitz December 14 2021"]
[White "Demchenko, Anton"]
[Black "Wagner, Dinara"]
[WhiteFideId "4160258"]
[BlackFideId "24157570"]
[WhiteElo "2531"]
[BlackElo "2216"]
[Result "0-1"]
[Round "06"]
[TimeControl "180+1"]
[Date "2021.12.15"]
[WhiteClock "0:00:01"]
[BlackClock "0:00:07"]

1. e4 c5 2. Nf3 d6 3. d4 cxd4 4. Qxd4 Nf6 5. Nc3 Nc6 6. Qe3 e6 7. b3 Be7 8. Bb2 a6 9. O-O-O Qc7 10. Rg1 Ng4 11. Qd2 Qb6 12. h3 Nf6 13. g4 h6 14. h4 Ne5 15. Nxe5 dxe5 16. g5 hxg5 17. hxg5 Nh5 18. Rh1 g6 19. Be2 Qd4 20. Qe1 Bxg5+ 21. Kb1 Qb6 22. Bxh5 gxh5 23. Qg1 Bf6 24. Na4 Qc7 25. f4 b5 26. Rxh5 Rf8 27. Nc5 Be7 28. Nd3 exf4 29. Rh8 Bb7 30. Be5 Qc6 31. Rxf8+ Bxf8 32. Qg5 Qxe4 33. Re1 Qc6 34. Qxf4 Rc8 35. Qd2 Qg2 36. Re2 Qh1+ 37. Kb2 Qd5 38. Qf4 a5 39. Rh2 a4 40. Rh8 a3+ 41. Kc1 Qxd3 42. Qf2 Be4 43. Rh2 Qd5 44. Bf6 Rxc2+ 45. Qxc2 Bxc2 46. Kxc2 Qc6+ 0-1


[Site "https://www.chess.com"]

[Event "Titled Tuesday Blitz December 14 2021"]
[White "Di Nicolantonio, Lucas"]
[Black "Moroni, Luca Jr"]
[WhiteFideId "680460"]
[BlackFideId "865834"]
[WhiteElo "2381"]
[BlackElo "2491"]
[Result "0-1"]
[Round "06"]
[TimeControl "180+1"]
[Date "2021.12.14"]
[WhiteClock "0:00:13"]
[BlackClock "0:00:32"]

1. e4 g6 2. d4 Bg7 3. Nf3 d6 4. Be2 Nf6 5. Nc3 O-O 6. O-O a6 7. a4 Nc6 8. h3 e6 9. Be3 b6 10. d5 exd5 11. exd5 Ne7 12. Bc4 Nf5 13. Bf4 Bd7 14. Qd2 Re8 15. Rfe1 Qb8 16. Rxe8+ Qxe8 17. Re1 Qf8 18. Bd3 Ne7 19. Bf1 b5 20. axb5 axb5 21. b4 Ra3 22. Nxb5 Bxb5 23. Bxb5 Nfxd5 24. Bg5 Bc3 25. Qd3 Bxb4 26. Bxe7 Nxe7 27. c3 Bxc3 28. Re3 Bb4 29. Qe4 Rxe3 30. Qxe3 Bc5 31. Qe4 Nf5 32. g3 Nxg3 33. Qc6 Qe7 34. Kg2 Nh5 35. Qa8+ Kg7 36. Qa1+ Qf6 37. Qxf6+ Kxf6 38. Nd2 d5 39. Bc6 Ke5 40. Be8 f5 41. Nf3+ Kf6 42. Bc6 Ke6 43. Kf1 Nf4 44. Ne1 Nxh3 45. Nd3 Bd6 46. Kg2 Nf4+ 47. Nxf4+ Bxf4 48. Kf3 Be5 49. Ke2 Kd6 50. Be8 g5 51. Bf7 c5 52. Bg8 h5 53. Bh7 f4 54. Bg6 h4 55. Bf5 c4 56. f3 d4 57. Kd2 d3 0-1


[Site "https://www.chess.com"]

[Event "Titled Tuesday Blitz December 14 2021"]
[White "Dobrov, Vladimir"]
[Black "Krutko, Anatoly"]
[WhiteFideId "4136594"]
[BlackFideId "4185862"]
[WhiteElo "2614"]
[BlackElo "2378"]
[Result "1-0"]
[Round "06"]
[TimeControl "180+1"]
[Date "2021.12.14"]
[WhiteClock "0:00:18"]
[BlackClock "0:00:02"]

1. d4 Nf6 2. c4 e6 3. Nf3 d5 4. Nc3 Bb4 5. Qa4+ Nc6 6. a3 Bxc3+ 7. bxc3 O-O 8. e3 Bd7 9. Qc2 Ne4 10. Bd3 f5 11. cxd5 exd5 12. c4 Ne7 13. Ne5 c6 14. f3 Nd6 15. a4 Be6 16. Ba3 f4 17. Bxh7+ Kh8 18. cxd5 cxd5 19. exf4 Rc8 20. Qb1 Rc3 21. O-O Rxf4 22. Bb4 Rc7 23. Ng6+ Nxg6 24. Qxg6 Rf6 25. Qd3 Rh6 26. Bg6 Nc4 27. Bf5 Bxf5 28. Qxf5 Ne3 29. Qe5 Nxf1 30. Rxf1 Rf7 31. Bd2 Rhf6 32. Bg5 Qf8 33. Bxf6 Rxf6 34. Qxd5 Rd6 35. Qxb7 Qf4 36. Qxa7 Qe3+ 37. Kh1 Rxd4 38. a5 Qe2 39. Qxd4 Qxf1+ 40. Qg1 Qe2 41. Qa1 Qa6 42. h3 Kh7 43. Qb1+ Kh6 44. Qb6+ g6 45. Qxa6 1-0


[Site "https://www.chess.com"]

[Event "Titled Tuesday Blitz December 14 2021"]
[White "Donchenko, Alexander"]
[Black "Tari, Aryan"]
[WhiteFideId "24603295"]
[BlackFideId "1510045"]
[WhiteElo "2494"]
[BlackElo "2656"]
[Result "1-0"]
[Round "06"]
[TimeControl "180+1"]
[Date "2021.12.14"]
[WhiteClock "0:00:07"]
[BlackClock "0:00:02"]

1. c4 e5 2. g3 c6 3. d4 exd4 4. Qxd4 d5 5. Bg2 Nf6 6. Nf3 Be6 7. O-O dxc4 8. Qxd8+ Kxd8 9. Ng5 Nbd7 10. Nxe6+ fxe6 11. Rd1 Kc7 12. Nd2 b5 13. Nf3 Bc5 14. Bf4+ Kb6 15. Bh3 Rhe8 16. Rac1 h6 17. b3 g5 18. Be5 g4 19. Bxg4 Bxf2+ 20. Kg2 Be3 21. Rc3 Bc5 22. bxc4 b4 23. Rb3 Nxe5 24. Nxe5 Rad8 25. Rbd3 Rxd3 26. Rxd3 Nxg4 27. Nd7+ Kc7 28. Nxc5 Ne5 29. Re3 Nxc4 30. Re4 Nb6 31. Rxb4 Kd6 32. Nb7+ Ke5 33. Rh4 Nd5 34. Rxh6 Ne3+ 35. Kf3 Nf5 36. Rh7 Nd4+ 37. Ke3 Nf5+ 38. Kf2 Rb8 39. Nc5 Rb1 40. Rxa7 Rh1 41. Kg2 Rb1 42. Ra5 Ne3+ 43. Kf3 Nd5 44. e4 Rf1+ 45. Ke2 Rh1 46. exd5 Rxh2+ 47. Kf3 cxd5 48. Ra6 Rh6 49. Rxe6+ Rxe6 50. Nxe6 Kxe6 51. Ke3 1-0


[Site "https://www.chess.com"]

[Event "Titled Tuesday Blitz December 14 2021"]
[White "Dubov, Daniil"]
[Black "Bacrot, Etienne"]
[WhiteFideId "24126055"]
[BlackFideId "605506"]
[WhiteElo "2749"]
[BlackElo "2673"]
[Result "0-1"]
[Round "06"]
[TimeControl "180+1"]
[Date "2021.12.14"]
[WhiteClock "0:00:27"]
[BlackClock "0:00:16"]

1. e4 e5 2. Nf3 Nc6 3. Bc4 Bc5 4. c3 Nf6 5. d4 exd4 6. b4 Bb6 7. e5 d5 8. exf6 dxc4 9. Qe2+ Be6 10. b5 Na5 11. fxg7 Rg8 12. cxd4 Rxg7 13. Nc3 Bxd4 14. Bb2 Bf6 15. Rd1 Qe7 16. Ne4 Qb4+ 17. Rd2 Bxb2 18. O-O c3 19. Nf6+ Kf8 20. Rd4 Qe7 21. Qe5 c2 22. Ng5 Bxd4 23. Qxd4 Bf5 24. h4 Rd8 25. Nd5 Qd6 26. Re1 Qxd5 27. Qb4+ Qd6 28. Qxa5 h6 29. Nf3 Be4 30. Rxe4 c1=Q+ 31. Re1 Qxe1+ 32. Nxe1 Qd2 33. Qa3+ Kg8 34. Nf3 Qd1+ 35. Kh2 Rd3 36. Qe7 Rxf3 37. Qe8+ Kh7 38. Qe4+ f5 0-1


[Site "https://www.chess.com"]

[Event "Titled Tuesday Blitz December 14 2021"]
[White "Durarbayli, Vasif"]
[Black "Dronavalli, Harika"]
[WhiteFideId "13402935"]
[BlackFideId "5015197"]
[WhiteElo "2599"]
[BlackElo "2382"]
[Result "1-0"]
[Round "06"]
[TimeControl "180+1"]
[Date "2021.12.14"]
[WhiteClock "0:00:47"]
[BlackClock "0:00:09"]

1. e4 e6 2. d4 d5 3. e5 c5 4. c3 Qb6 5. Nf3 Bd7 6. Bd3 cxd4 7. O-O Nc6 8. cxd4 Nge7 9. Nbd2 Nf5 10. Nb3 Be7 11. g4 Nh4 12. Nxh4 Bxh4 13. g5 Nxd4 14. Be3 Bxg5 15. Bxd4 Qd8 16. f4 Be7 17. f5 exf5 18. Bxf5 Bxf5 19. Rxf5 Qd7 20. Qf3 Qe6 21. Rf1 O-O 22. Kh1 b6 23. Bc3 Bc5 24. Nd4 Bxd4 25. Bxd4 Rac8 26. Rg1 Rc4 27. Rf6 Qe7 28. Qg4 g6 29. b3 Rb4 30. e6 a5 31. Rgf1 a4 32. exf7+ Kg7 33. Rxg6# 1-0


[Site "https://www.chess.com"]

[Event "Titled Tuesday Blitz December 14 2021"]
[White "Erdogdu, Mert"]
[Black "Weishaeutel, Moritz"]
[WhiteFideId "6301495"]
[BlackFideId "12967300"]
[WhiteElo "2485"]
[BlackElo "2002"]
[Result "1-0"]
[Round "06"]
[TimeControl "180+1"]
[Date "2021.12.15"]
[WhiteClock "0:00:27"]
[BlackClock "0:00:03"]

1. e4 e5 2. Nf3 Nf6 3. Nxe5 Nc6 4. Nxc6 dxc6 5. d3 Bc5 6. Be2 h5 7. Nc3 Ng4 8. Bxg4 hxg4 9. Be3 Bxe3 10. fxe3 Qd6 11. g3 Qxg3+ 12. hxg3 Rxh1+ 13. Kf2 Rxd1 14. Rxd1 Be6 15. Rh1 Ke7 16. Rh7 Kf6 17. d4 Rd8 18. a3 a5 19. Rh1 Ke7 20. Rh5 b6 21. Ne2 g6 22. Rh7 g5 23. Rh6 b5 24. Nc3 b4 25. axb4 axb4 26. Na4 b3 27. cxb3 Bxb3 28. Nc5 Be6 29. Nxe6 fxe6 30. Rh7+ Kd6 31. Rg7 Rb8 32. Rxg5 Rxb2+ 33. Ke1 Rb3 34. Kd2 Ra3 35. Rxg4 c5 36. Rg5 cxd4 37. exd4 Ra2+ 38. Ke3 Ra1 39. Rc5 Re1+ 40. Kf3 Rd1 41. e5+ Kd7 42. Rc4 Rd3+ 43. Kf4 Ra3 44. g4 Ra1 45. Kg5 Rf1 46. Kg6 Rf4 47. g5 c5 48. Rxc5 Rxd4 49. Kh7 Rh4+ 50. Kg7 Rh2 51. g6 Ke7 52. Rc7+ Kd8 53. Ra7 Ke8 54. Kf6 1-0


[Site "https://www.chess.com"]

[Event "Titled Tuesday Blitz December 14 2021"]
[White "Gabrielian, Artur"]
[Black "Kislov, Oleg"]
[WhiteFideId "4131002"]
[BlackFideId "13503774"]
[WhiteElo "2440"]
[BlackElo "2252"]
[Result "1-0"]
[Round "06"]
[TimeControl "180+1"]
[Date "2021.12.15"]
[WhiteClock "0:00:29"]
[BlackClock "0:00:07"]

1. e4 e6 2. d3 d5 3. Qe2 Be7 4. Nf3 Nf6 5. g3 c5 6. Bg2 Nc6 7. O-O b6 8. e5 Nd7 9. c4 Bb7 10. cxd5 exd5 11. e6 fxe6 12. Qxe6 Nf8 13. Qg4 Qd7 14. Qxg7 Ng6 15. Qh6 Qf5 16. Nc3 Nb4 17. Bg5 Nxd3 18. Bxe7 Nxe7 19. Rad1 Nxb2 20. Rde1 Qg6 21. Qh4 Qg7 22. Nb5 O-O 23. Rxe7 Rf7 24. Rxf7 Qxf7 25. Nd6 Qg7 26. Nxb7 Qxb7 27. Ng5 Re8 28. Rb1 Nd3 29. Rd1 Nb4 30. a3 Qg7 31. axb4 1-0


[Site "https://www.chess.com"]